 Dungeon Crawl Stone Soup version 0.21.1-1-g345015f (webtiles) character file.

71 Inarius the Chiller (level 4, -2/27 HPs)
             Began as an Octopode Ice Elementalist on June 30, 2018.
             Slain by a gnoll
             ... wielding a +0 whip
              (8 damage)
             ... on level 2 of the Dungeon.
             The game lasted 00:03:03 (1614 turns).

Inarius the Chiller (Octopode Ice Elementalist)     Turns: 1614, Time: 00:03:05

Health: -2/27      AC:  6    Str:  7    XL:     4   Next: 24%
Magic:  1/7        EV: 13    Int: 18    God:
Gold:   113        SH:  0    Dex: 12    Spells: 3/7 levels left

rFire    . . .     SeeInvis .   d - +0 dagger
rCold    . . .     Gourm    .   (no shield)
rNeg     . . .     Faith    .   (helmet restricted)
rPois    .         Spirit   .   (no amulet)
rElec    .         Reflect  .   (no ring)
rCorr    .         Harm     .   (no ring)
MR       .....                  (no ring)
Stlth    +++.......             (no ring)
HPRegen  0.09/turn              (no ring)
MPRegen  0.10/turn              (no ring)
                                (no ring)
                                (no ring)

@: icy armour, very slightly contaminated, invisible, slow
A: almost no armour, stealthy swim, amphibious, 8 rings, constrict 8, camouflage
1, gelatinous body 1
a: no special abilities


You were on level 2 of the Dungeon.
You were hungry.

You visited 1 branch of the dungeon, and saw 2 of its levels.

You collected 113 gold pieces.

Inventory:

Hand Weapons
 d - a +0 dagger (weapon)
Jewellery
 h - a +4 ring of intelligence {unknown}
Scrolls
 g - a scroll of fear {unknown}
Potions
 f - a potion of cancellation {unknown}
Books
 a - a book of Frost

   Spells                             Type                      Level
   a - Freeze                         Ice                          1
   b - Throw Frost                    Conjuration/Ice              2
   c - Ozocubu's Armour               Charms/Ice                   3
   d - Throw Icicle                   Conjuration/Ice              4
   e - Summon Ice Beast               Ice/Summoning                4
Comestibles
 b - 2 rations
 c - 6 chunks of flesh


   Skills:
 + Level 0.5 Fighting
 + Level 0.4 Short Blades
 + Level 2.1 Dodging
 + Level 3.9 Stealth
 + Level 2.3 Spellcasting
   Level 1.0 Conjurations
 * Level 3.9 Ice Magic


You had 3 spell levels left.
You knew the following spells:

 Your Spells              Type           Power        Failure   Level  Hunger
a - Freeze                Ice            ###.         3%          1    #......
b - Ozocubu's Armour      Chrm/Ice       #.......     24%         3    ###....


Dungeon Overview and Level Annotations

Branches:
Dungeon (2/15)

Altars:


Innate Abilities, Weirdness & Mutations

You cannot wear most types of armour.
You are very stealthy in the water. (Stealth+)
You are amphibious.
You can wear up to eight rings at the same time.
You can use your tentacles to constrict eight enemies at once.
Your skin changes colour to match your surroundings (Stealth+).
Your rubbery body absorbs attacks. (AC +1, EV +1)


Message History

You barely miss the gnoll. You grab the gnoll. You squeeze the gnoll.
The gnoll is lightly wounded.
You constrict the gnoll. The gnoll hits you with a whip!
You hit the gnoll.
The gnoll is moderately wounded.
You constrict the gnoll. The gnoll hits you with a whip!
* * * LOW HITPOINT WARNING * * *
It was a potion of invisibility.
You fade into invisibility!
You constrict the gnoll. The gnoll misses you.
You are very lightly contaminated with residual magic.
You hit the gnoll but do no damage.
The gnoll is heavily wounded.
You constrict the gnoll.
You are feeling hungry.
The gnoll barely misses you.
You hit the gnoll but do no damage.
The gnoll is heavily wounded.
You constrict the gnoll. The gnoll hits you with a whip!
You die...

##.## ### #.# #..
.# #.# #.# #.#
#+# #.# #.# ...
#.# ..# .... #.##
#.# .....
#..###.#
......####...##.#
......gg@.......#
g.....####...##.#
..... ##.###.#
.... ### #.# ...
#####.# #+#
#..(..# #.#
#.##### #.# #.#
####.### #.#


You could see 2 gnolls.

Vanquished Creatures
  An adder (D:2)
  2 gnolls (D:2)
  An ooze (D:1)
  A worm (D:2)
  3 dart slugs (D:2)
  3 giant cockroaches
  3 goblins (D:1)
  2 hobgoblins
  3 jackals (D:1)
  5 bats
  2 frilled lizards
  2 kobolds (D:1)
  5 rats
33 creatures vanquished.

Notes
Turn   | Place    | Note
-------+----------+-------------------------------------------
     0 | D:1      | Inarius the Octopode Ice Elementalist began the quest for the Orb.
     0 | D:1      | Reached XP level 1. HP: 11/11 MP: 3/3
   347 | D:1      | Reached XP level 2. HP: 17/18 MP: 0/5
   947 | D:1      | Reached XP level 3. HP: 20/22 MP: 6/6
  1426 | D:2      | Learned a level 3 spell: Ozocubu's Armour
  1426 | D:2      | Noticed an ogre
  1604 | D:2      | Reached XP level 4. HP: 24/27 MP: 0/7
  1614 | D:2      | Slain by a gnoll

Skill      XL: |  1 |
---------------+----+-----
Stealth        | 3 |  3.9
Fighting       | |  0.5
Short Blades   | |  0.4
Dodging        | |  2.1
Spellcasting   | |  2.3
Conjurations   | |  1.0
Ice Magic      | |  3.9

Action                   |  1- 3 |  4- 6 || total
-------------------------+-------+-------++-------
Melee: Unarmed           |     5 |       ||     5
       Tentacles         |     9 |     2 ||    11
       Dagger            |    35 |     8 ||    43
       Constrict         |     9 |     2 ||    11
 Cast: Freeze            |    23 |     1 ||    24
       Ozocubu's Armour  |     1 |       ||     1
  Use: Potion            |       |     1 ||     1
 Stab: Sleeping          |    11 |       ||    11
  Eat: Chunk             |     2 |       ||     2
Armor: Skin              |     7 |       ||     7
Dodge: Dodged            |    34 |     5 ||    39
